 Dungeon Crawl Stone Soup version 0.23.2-40-g277498a001 (webtiles) character file.

Game seed: 3366164325683879866

18 Descartes the Insei (level 2, -3/14 HPs)
             Began as a Vine Stalker Transmuter on Oct 3, 2019.
             Slain by a hobgoblin
             ... wielding a +0 club
              (4 damage)
             ... on level 1 of the Dungeon.
             The game lasted 00:01:55 (694 turns).

Descartes the Insei (Vine Stalker Transmuter)        Turns: 694, Time: 00:01:55

Health: -3/14      AC:  2    Str: 12    XL:     2   Next: 70%
Magic:  0/6        EV: 12    Int: 13    God:
Gold:   34         SH:  0    Dex: 14    Spells: 4/5 levels left

rFire    . . .     SeeInvis .     - Unarmed
rCold    . . .     Gourm    .   (no shield)
rNeg     . . .     Faith    .   b - +0 robe
rPois    .         Spirit   +   (no helmet)
rElec    .         Reflect  .   (no cloak)
rCorr    .         Harm     .   (no gloves)
MR       .....                  (no boots)
Stlth    ++........             (no amulet)
HPRegen  0.04/turn              (no ring)
MPRegen  0.10/turn              (no ring)

@: very slightly contaminated
A: fangs 2, magic shield, antimagic bite, no potion heal 3, rot immunity
a: no special abilities


You were on level 1 of the Dungeon.
You were not hungry.

You visited 1 branch of the dungeon, and saw 1 of its levels.

You collected 34 gold pieces.

Inventory:

Missiles
 a - 12 arrows
Armour
 b - a +0 robe (worn)
Scrolls
 c - a scroll of random uselessness {unknown}
 g - a scroll of remove curse {unknown}
Potions
 e - a potion of flight {unknown}
 f - a potion of magic {unknown}
Comestibles
 d - 2 rations


   Skills:
 + Level 1.0 Fighting
 + Level 0.5 Armour
 + Level 1.7 Dodging
 + Level 1.1 Stealth
 + Level 3.1 Unarmed Combat
 + Level 2.3 Spellcasting
 + Level 2.1 Transmutations


You had 4 spell levels left.
You knew the following spells:

 Your Spells              Type           Power        Failure   Level  Hunger
a - Beastly Appendage     Tmut           #.....       10%         1    #......

Your spell library contained the following spells:

 Spells                   Type           Power        Failure   Level  Hunger
 Sticks to Snakes         Tmut           #.......     16%         2    ###....
 Spider Form              Tmut/Pois      #.........   43%         3    ###....
 Ice Form                 Ice/Tmut       #.......     83%         4    #####..
 Blade Hands              Tmut           #.........   95%         5    ######.


Dungeon Overview and Level Annotations

Branches:
Dungeon (1/15)

Altars:


Innate Abilities, Weirdness & Mutations

You have extremely sharp teeth.
When hurt, damage is shared between your health and your magic reserves.
Your bite disrupts and absorbs the magic of your enemies.
Potions cannot restore your health.
You are immune to rotting.


Message History

Things that are here:
a +0 short sword; a kobold corpse Unknown command.
The frilled lizard bites you.
* * * LOW HITPOINT WARNING * * *
The hobgoblin hits you with a +0 club.
The frilled lizard bites you but does no damage.
The hobgoblin hits you but does no damage.
Things that are here:
a +0 short sword; a kobold corpse The hobgoblin hits you with a +0 club.
* * * LOW HITPOINT WARNING * * *
You miss the frilled lizard. Your bite misses the frilled lizard.
The hobgoblin closely misses you. The frilled lizard bites you.
* * * LOW HITPOINT WARNING * * *
You miss the frilled lizard. The hobgoblin barely misses you.
The frilled lizard misses you.
You miss the frilled lizard. Your bite misses the frilled lizard.
The hobgoblin hits you with a +0 club.
You die...

#.##.......... #.....########## #
#.#. ####..### #.. .#....♣
#......# #.##......♣ #.####.#
##.... ....♣ #.#
...###...##...... #.#
#.#.[....#...... #.#
#.....)g.........
##÷#######.....l@........
...............###.......
.....#####.....### ......
#....####........# ......
..).....♣.♣...##.##.....#
......#.#.#............#
.....##.♣.♣.......###.##
.....##...........###.#
...##...♣.♣.........#.###♣♣♣♣♣♣##


You could see a hobgoblin and a frilled lizard.

Vanquished Creatures
  2 dart slugs (D:1)
  3 bats (D:1)
  2 giant cockroaches (D:1)
  2 goblins (D:1)
  2 hobgoblins (D:1)
  A frilled lizard (D:1)
  A kobold (D:1)
  A rat (D:1)
14 creatures vanquished.

Notes
Turn   | Place    | Note
-------+----------+-------------------------------------------
     0 | D:1      | Descartes the Vine Stalker Transmuter began the quest for
                  | the Orb.
     0 | D:1      | Reached XP level 1. HP: 9/9 MP: 4/4
   118 | D:1      | Reached skill level 1 in Fighting
   134 | D:1      | Reached XP level 2. HP: 2/14 MP: 0/6
   481 | D:1      | Reached skill level 1 in Stealth
   694 | D:1      | Slain by a hobgoblin

Skill      XL: |  1  2 |
---------------+-------+-----
Fighting       | 1 |  1.0
Stealth        | 1 |  1.1
Armour         | |  0.5
Dodging        | |  1.7
Unarmed Combat | |  3.1
Spellcasting   | |  2.3
Transmutations | |  2.1

Action                   || total
-------------------------++-------
Melee: Unarmed           ||    51
       Bite              ||     4
       Kick              ||     1
       Headbutt          ||     4
 Cast: Beastly Appendage ||     5
 Stab: Sleeping          ||     1
Armor: Robe              ||    22
Dodge: Dodged            ||    47
